 Dungeon Crawl Stone Soup version 0.19.5 (webtiles) character file.

27 McKennaii the Skirmisher (level 2, 0/24 HPs)
             Began as a Demonspawn Abyssal Knight on May 1, 2017.
             Was a Follower of Lugonu.
             Slain by Terence
             ... wielding a +0 short sword
              (5 damage)
             ... on level 1 of the Dungeon.
             The game lasted 00:01:28 (764 turns).

McKennaii the Skirmisher (Demonspawn Abyssal Knight) Turns: 764, Time: 00:01:29

Health: 0/24       AC:  6    Str: 10    XL:     2   Next: 93%
Magic:  0/3        EV: 11    Int: 15    God:    Lugonu [*.....]
Gold:   135        SH:  0    Dex: 12    Spells: 0 memorised, 1 level left

rFire  . . .     SeeInvis .     a - +1 falchion
rCold  . . .     Gourm    .     b - +0 leather armour
rNeg   . . .     Faith    .     (no shield)
rPois  .         Spirit   +     (no helmet)
rElec  .         Reflect  .     f - +2 cloak
rCorr  .         Harm     .     (no gloves)
MR     .....     Clarity  +     (no boots)
Stlth  +.........               (no amulet)
                                (no ring)
                                (no ring)

@: no status effects
A: clarity, clever 1, weak 1, magic shield
a: Depart the Abyss, Renounce Religion


You were on level 1 of the Dungeon.
You worshipped Lugonu.
Lugonu was aware of your devotion.
You were not hungry.

You visited 1 branch of the dungeon, and saw 2 of its levels.
You visited the Abyss 1 time.

You collected 135 gold pieces.

Inventory:

Hand Weapons
 a - a +1 falchion (weapon)
Armour
 b - a +0 leather armour (worn)
 f - a +2 cloak (worn)
Scrolls
 e - 2 scrolls of remove curse {unknown}
 j - 4 scrolls of identify {unknown}
 k - a scroll of enchant weapon {unknown}
Potions
 g - a potion of invisibility {unknown}
 h - a potion of lignification {unknown}
 i - a potion of degeneration {unknown}
 m - a potion of heal wounds {unknown}
Comestibles
 c - 2 bread rations
 l - a slice of pizza


   Skills:
 + Level 3.6 Fighting
 + Level 2.0 Long Blades
 + Level 2.0 Armour
 + Level 1.2 Dodging
 + Level 2.5 Invocations


You had one spell level left.
You didn't know any spells.

Dungeon Overview and Level Annotations

Branches:
Dungeon (2/15)

Altars:

Annotations:
D:1 Terence


Innate Abilities, Weirdness & Mutations

When hurt, damage is shared between your health and your magic reserves.
You possess an exceptional clarity of mind.
Your mind is acute. (Int +2)
You are weak. (Str -2)


Message History

Terence hits you but does no damage.
You hit Terence.
Terence is severely wounded.
Terence hits you with a short sword.
* * * LOW HITPOINT WARNING * * *
You closely miss Terence.
Terence is severely wounded.
Terence barely misses you.
You barely miss Terence.
Terence is severely wounded.
Terence barely misses you.
You hit Terence but do no damage.
Terence is severely wounded.
Terence barely misses you.
You riposte.
You hit Terence.
Terence is severely wounded.
Terence hits you but does no damage.
You completely miss Terence.
Terence is severely wounded.
Terence hits you with a short sword!
You die...

#..............# #.......
#..####.#.####.# #.#####. #..#
#.#.# #.# #.# ## #..####.#.# #.#
#.# #....##.#.# #.# #.#
####.##.##...# #.# ###.###
#.....(...#..# #.####.....#
#.##.##.#.#..####......###.#
#.##.##.#.#..@@....)...# #.#
#.##.##.#.#..#########.###.####
##.##...............# #.>.......
##...###..#.#.######.#####.##.###
...#.......#..# #..........###
##...###..###.# #######.##....
##.####...#..# #.##.###
#.........#.# #.##.#
######..###.# #.##.#


You could see Terence.

Vanquished Creatures
  An ooze (D:1)
  2 dart slugs (D:1)
  A leopard gecko (D:1)
  2 giant cockroaches (D:1)
  3 hobgoblins (D:1)
  4 jackals (D:1)
  2 kobolds (D:1)
  A rat (D:1)
16 creatures vanquished.

Notes
Turn   | Place    | Note
-------+----------+-------------------------------------------
     0 | Abyss:1  | McKennaii the Demonspawn Abyssal Knight began the quest for the Orb.
     0 | Abyss:1  | Reached XP level 1. HP: 18/18 MP: 2/2
    82 | Abyss:2  | Noticed a hell hog
    83 | D:1      | Escaped the Abyss
   109 | D:1      | Reached skill level 1 in Dodging
   116 | D:1      | Gained mutation: When hurt, damage is shared between your health and your magic reserves. [demonic ancestry]
   116 | D:1      | Reached XP level 2. HP: 18/24 MP: 3/3
   172 | D:1      | Reached * piety under Lugonu
   703 | D:2      | Noticed Terence
   753 | D:1      | Gained mutation: Your mind is acute. (Int +2) [potion of mutation]
   753 | D:1      | Gained mutation: You are weak. (Str -2) [potion of mutation]
   753 | D:1      | Gained mutation: You possess an exceptional clarity of mind. [potion of mutation]
   764 | D:1      | Slain by Terence

Skill      XL: |  1  2 |
---------------+-------+-----
Dodging        | 1 |  1.2
Armour         | 2 |  2.0
Long Blades    | 2 |  2.0
Fighting       | |  3.6
Invocations    | |  2.5

Action                   || total
-------------------------++-------
Melee: Falchion          ||    65
Invok: Depart the Abyss  ||     1
  Use: Potion            ||     1
 Stab: Sleeping          ||     1
Armor: Leather armour    ||    24
Dodge: Dodged            ||    36
       Rpst.: Falchion   ||    17
